[ AOE2 MATCH · #506724623 ]
UnrankedPersians vs Italians
[ REPLAY ANALYSIS · EXTRACTED FROM THE RECORDED GAME ]
Feudal
—
Castle
—
Imperial
—
| APM avg | 33.0 |
| APM peak | 45 |
| eAPM avg | 4.8 |
| Villagers / military | 13 / 0 |
Focus
⚔️ 0.0% · 🌾 100.0%
Feudal
—
Castle
—
Imperial
—
| APM avg | 13.3 |
| APM peak | 27 |
| eAPM avg | 7.8 |
| Villagers / military | 44 / 0 |
Focus
⚔️ 0.0% · 🌾 100.0%
Feudal
—
Castle
—
Imperial
—
| APM avg | 18.5 |
| APM peak | 43 |
| eAPM avg | 9.2 |
| Villagers / military | 22 / 0 |
Focus
⚔️ 7.8% · 🌾 92.2%
Feudal
—
Castle
—
Imperial
—
| APM avg | 43.3 |
| APM peak | 74 |
| eAPM avg | 10.2 |
| Villagers / military | 14 / 0 |
Focus
⚔️ 1.6% · 🌾 98.4%
Feudal
—
Castle
—
Imperial
—
| APM avg | 13.1 |
| APM peak | 55 |
| eAPM avg | 3.8 |
| Villagers / military | 9 / 0 |
Focus
⚔️ 0.0% · 🌾 100.0%
Feudal
—
Castle
—
Imperial
—
| APM avg | 37.5 |
| APM peak | 59 |
| eAPM avg | 11.4 |
| Villagers / military | 21 / 0 |
Focus
⚔️ 2.8% · 🌾 97.2%
Feudal
—
Castle
—
Imperial
—
| APM avg | 30.7 |
| APM peak | 59 |
| eAPM avg | 10.5 |
| Villagers / military | 17 / 0 |
Focus
⚔️ 3.2% · 🌾 96.8%
Feudal
—
Castle
—
Imperial
—
| APM avg | 32.2 |
| APM peak | 66 |
| eAPM avg | 8.3 |
| Villagers / military | 26 / 0 |
Focus
⚔️ 0.0% · 🌾 100.0%
Match map
Initial resources + every placement click. Lines = walls · curves = elevation contours. ◆ gold · ⬟ stone · ● berries · ✦ relic · ◌ wall gap
Your base
Çalooo's base
garmorata's base
Deltamale's base
Legolas's base
α's base
Keth-.'s base
Efyix's base
Smoothed initial terrain · ◌ = detected wall gap · hover for details
Inputs per minute
— Haseki Hürrem Sultan - - Çalooo
Build order — Haseki Hürrem Sultan
18 actions detected in the replay
| 0:05 | Queue | Villager (Male) |
| 0:05 | Queue | Villager (Male) |
| 0:07 | Build | House |
| 0:09 | Build | House |
| 0:14 | Queue | Villager (Male) |
| 0:14 | Queue | Villager (Male) |
| 0:25 | Queue | Villager (Male) |
| 1:29 | Queue | Villager (Male) |
| 2:19 | Queue | Villager (Male) |
| 2:46 | Queue | Villager (Male) |
| 3:11 | Queue | Villager (Male) |
| 3:23 | Build | House |
| 3:24 | Build | House |
| 3:38 | Queue | Villager (Male) |
| 4:07 | Build | Mill |
| 4:09 | Queue | Villager (Male) |
| 4:51 | Queue | Villager (Male) |
| 4:52 | Queue | Villager (Male) |
Build order — Çalooo
35 actions detected in the replay
| 0:03 | Build | House |
| 0:08 | Build | House |
| 0:10 | Research | Loom |
| 0:11 | Queue | Villager (Male) ×4 |
| 0:11 | Queue | Villager (Male) ×4 |
| 2:09 | Queue | Villager (Male) |
| 2:10 | Queue | Villager (Male) |
| 2:24 | Build | Lumber Camp |
| 2:32 | Queue | Villager (Male) |
| 2:33 | Queue | Villager (Male) |
| 2:59 | Queue | Villager (Male) |
| 2:59 | Queue | Villager (Male) |
| 3:19 | Queue | Villager (Male) |
| 3:20 | Queue | Villager (Male) |
| 3:49 | Queue | Villager (Male) |
| 3:49 | Queue | Villager (Male) |
| 4:04 | Build | House |
| 4:05 | Build | House |
| 4:06 | Build | House |
| 4:11 | Queue | Villager (Male) |
| 4:11 | Queue | Villager (Male) |
| 4:46 | Queue | Villager (Male) |
| 4:47 | Queue | Villager (Male) |
| 4:58 | Queue | Villager (Male) |
| 4:58 | Queue | Villager (Male) |
| 5:59 | Queue | Villager (Male) ×2 |
| 5:59 | Queue | Villager (Male) ×2 |
| 6:00 | Queue | Villager (Male) ×2 |
| 6:23 | Build | Mill |
| 6:33 | Queue | Villager (Male) |
| 6:33 | Queue | Villager (Male) |
| 6:51 | Queue | Villager (Male) |
| 6:51 | Queue | Villager (Male) |
| 7:21 | Queue | Villager (Male) ×5 |
| 7:21 | Queue | Villager (Male) ×5 |
Build order — garmorata
27 actions detected in the replay
| 0:04 | Build | House |
| 0:08 | Build | House |
| 0:10 | Queue | Villager (Male) |
| 0:10 | Queue | Villager (Male) |
| 0:29 | Queue | Villager (Male) |
| 0:29 | Queue | Villager (Male) |
| 1:39 | Queue | Villager (Male) |
| 2:08 | Queue | Villager (Male) |
| 2:09 | Queue | Villager (Male) |
| 2:48 | Queue | Villager (Male) |
| 2:48 | Queue | Villager (Male) |
| 2:48 | Queue | Villager (Male) |
| 3:20 | Queue | Villager (Male) |
| 3:21 | Queue | Villager (Male) |
| 3:21 | Queue | Villager (Male) |
| 3:52 | Queue | Villager (Male) |
| 4:23 | Build | Mill |
| 4:35 | Queue | Villager (Male) |
| 4:35 | Queue | Villager (Male) |
| 4:41 | Queue | Villager (Male) |
| 4:46 | Build | Lumber Camp |
| 5:06 | Build | House |
| 5:16 | Queue | Villager (Male) |
| 5:57 | Queue | Villager (Male) |
| 6:53 | Queue | Villager (Male) |
| 6:53 | Queue | Villager (Male) |
| 7:25 | Queue | Villager (Male) |
Build order — Deltamale
18 actions detected in the replay
| 0:01 | Queue | Villager (Male) |
| 0:01 | Queue | Villager (Male) |
| 0:04 | Build | House |
| 0:05 | Build | House |
| 0:25 | Queue | Villager (Male) |
| 1:02 | Queue | Villager (Male) |
| 1:58 | Queue | Villager (Male) |
| 1:58 | Queue | Villager (Male) |
| 2:16 | Queue | Villager (Male) |
| 2:30 | Build | Lumber Camp |
| 2:42 | Queue | Villager (Male) |
| 2:58 | Queue | Villager (Male) |
| 3:12 | Queue | Villager (Male) |
| 3:50 | Build | House |
| 3:56 | Queue | Villager (Male) |
| 4:22 | Queue | Villager (Male) |
| 4:28 | Queue | Villager (Male) |
| 4:58 | Queue | Villager (Male) |
Build order — Legolas
9 actions detected in the replay
| 0:35 | Queue | Villager (Male) |
| 0:35 | Queue | Villager (Male) |
| 0:35 | Queue | Villager (Male) |
| 0:36 | Queue | Villager (Male) |
| 0:36 | Queue | Villager (Male) |
| 1:53 | Queue | Villager (Male) |
| 1:53 | Queue | Villager (Male) |
| 2:27 | Queue | Villager (Male) |
| 2:27 | Queue | Villager (Male) |
Build order — α
25 actions detected in the replay
| 0:01 | Queue | Villager (Male) |
| 0:01 | Queue | Villager (Male) |
| 0:01 | Queue | Villager (Male) |
| 0:02 | Build | House |
| 0:04 | Build | House |
| 0:05 | Queue | Villager (Male) |
| 0:05 | Queue | Villager (Male) |
| 0:05 | Queue | Villager (Male) |
| 0:05 | Queue | Villager (Male) |
| 0:06 | Queue | Villager (Male) |
| 1:41 | Queue | Villager (Male) |
| 1:41 | Queue | Villager (Male) |
| 2:13 | Queue | Villager (Male) |
| 2:14 | Queue | Villager (Male) |
| 2:16 | Build | Lumber Camp |
| 2:26 | Queue | Villager (Male) |
| 3:26 | Queue | Villager (Male) |
| 3:26 | Queue | Villager (Male) |
| 4:24 | Build | House |
| 4:36 | Queue | Villager (Male) |
| 4:36 | Queue | Villager (Male) |
| 4:37 | Queue | Villager (Male) |
| 5:48 | Queue | Villager (Male) |
| 5:48 | Queue | Villager (Male) |
| 5:48 | Queue | Villager (Male) |
Build order — Keth-.
23 actions detected in the replay
| 0:03 | Queue | Villager (Male) |
| 0:04 | Queue | Villager (Male) |
| 0:04 | Queue | Villager (Male) |
| 0:04 | Queue | Villager (Male) |
| 0:05 | Build | House |
| 0:07 | Build | House |
| 2:00 | Queue | Villager (Male) |
| 2:01 | Queue | Villager (Male) |
| 2:06 | Build | Lumber Camp |
| 2:57 | Queue | Villager (Male) |
| 2:57 | Queue | Villager (Male) |
| 2:58 | Queue | Villager (Male) |
| 2:58 | Queue | Villager (Male) |
| 3:49 | Queue | Villager (Male) |
| 4:12 | Build | House |
| 4:39 | Queue | Villager (Male) |
| 4:39 | Queue | Villager (Male) |
| 4:40 | Queue | Villager (Male) |
| 5:26 | Build | Mill |
| 5:49 | Queue | Villager (Male) |
| 6:14 | Queue | Villager (Male) |
| 7:04 | Queue | Villager (Male) |
| 7:26 | Build | House |
Build order — Efyix
30 actions detected in the replay
| 0:03 | Build | House |
| 0:05 | Build | House |
| 0:05 | Queue | Villager (Male) |
| 0:06 | Queue | Villager (Male) |
| 0:06 | Queue | Villager (Male) |
| 0:06 | Queue | Villager (Male) |
| 0:06 | Queue | Villager (Male) |
| 0:07 | Queue | Villager (Male) |
| 2:06 | Queue | Villager (Male) |
| 2:07 | Queue | Villager (Male) |
| 2:07 | Queue | Villager (Male) |
| 2:07 | Queue | Villager (Male) |
| 2:19 | Build | Lumber Camp |
| 2:25 | Queue | Villager (Male) |
| 2:25 | Queue | Villager (Male) |
| 2:49 | Queue | Villager (Male) |
| 2:50 | Queue | Villager (Male) |
| 3:05 | Build | House |
| 3:47 | Queue | Villager (Male) |
| 3:48 | Queue | Villager (Male) |
| 3:48 | Queue | Villager (Male) |
| 4:32 | Queue | Villager (Male) |
| 4:32 | Queue | Villager (Male) |
| 4:49 | Queue | Villager (Male) |
| 5:43 | Queue | Villager (Male) |
| 5:44 | Queue | Villager (Male) |
| 5:45 | Queue | Villager (Male) |
| 5:45 | Queue | Villager (Male) |
| 5:45 | Queue | Villager (Male) |
| 5:46 | Queue | Villager (Male) |
Match timeline
| 6:00 | Legolas · resign |
[ AI ANALYSIS · 1 CREDIT ]
What really happened in this match?
Wolo.gg analyzes every decision: build order, eco, micro, common mistakes by bracket. Personalized analysis on WhatsApp or Discord in 30 seconds.
Civ guide
Persians
Perfil
Jugador #9435812